 Dungeon Crawl Stone Soup version 0.31.0-32-g396128a36d (webtiles) character file.

Game seed: 5503194603529684395

3618 spaghetti the Summoner (level 9, -8/93 HPs)
             Began as a Yellow Draconian Summoner on Mar 9, 2024.
             Was an Initiate of Kikubaaqudgha.
             Mangled by a sun demon (16 damage)
             ... on level 9 of the Dungeon.
             The game lasted 00:11:47 (9261 turns).

spaghetti the Summoner (Yellow Draconian Summoner)  Turns: 9261, Time: 00:11:48

Health: -8/93      AC:  9    Str: 10    XL:     9   Next: 86%
Magic:  21/21      EV: 12    Int: 24    God:    Kikubaaqudgha [......]
Gold:   415        SH:  0    Dex: 23    Spells: 10/24 levels left

rFire   . . .        r - +9 trident "Faosh" {drain, +Blink rPois Int+3}
rCold   . . .        (no shield)
rNeg    . . .        (body armour unavailable)
rPois   +            (helmet restricted)
rElec   .            (no cloak)
rCorr   +            h - +0 pair of gloves
SInv    .            o - +0 pair of boots
Will    .....        x - amulet of regeneration Stlth
                     C - +6 ring of dexterity
HPRegen 1.15/turn    v - +6 ring of dexterity
MPRegen 0.17/turn

%: no passive effects
@: berserking, very quick
A: spit acid, AC +7, unfitting armour, cold-blooded, acid resistance
a: Breathe Acid, Renounce Religion, Evoke Blink


You were on level 9 of the Dungeon.
You worshipped Kikubaaqudgha.
Kikubaaqudgha was noncommittal.
You visited 2 branches of the dungeon, and saw 10 of its levels.

You collected 415 gold pieces.

Inventory:

Hand Weapons
 m - a +2 dagger of venom
 r - the +9 trident "Faosh" (weapon) {drain, +Blink rPois Int+3}
   (You found it on level 5 of the Dungeon)

   Int+3:     It affects your intelligence (+3).
   rPois:     It protects you from poison +Blink: It lets you blink.
Missiles
 u - 2 throwing nets
Armour
 h - a +0 pair of gloves (worn)
 o - a +0 pair of boots (worn)
 A - a +2 kite shield
Jewellery
 k - a ring of poison resistance
 v - a +6 ring of dexterity (right hand)
 x - an amulet of regeneration (around neck)
 C - a +6 ring of dexterity (left hand)
Talismans
 j - a storm talisman
Wands
 l - a wand of charming (26)
 n - a wand of mindburst (20)
 D - a wand of flame (20)
Scrolls
 c - a scroll of blinking
 f - 4 scrolls of amnesia
 s - a scroll of enchant armour
 t - 2 scrolls of torment {unknown}
 w - a scroll of vulnerability
 y - 3 scrolls of immolation
 z - 2 scrolls of poison
Potions
 a - 3 potions of magic
 b - 2 potions of brilliance
 e - a potion of lignification
 g - 2 potions of might
 i - 3 potions of curing
 B - a potion of heal wounds {unknown}


   Skills:
 - Level 1.7 Dodging
 - Level 1.7 Stealth
 + Level 8.2 Spellcasting
 + Level 11.7 Summonings
 + Level 1.4 Necromancy
 + Level 0.0 Air Magic
 - Level 0.2 Shapeshifting


You had 10 spell levels left.
You knew the following spells:

 Your Spells              Type           Power      Damage    Failure   Level
a - Summon Small Mammal   Summ           100%       N/A       1%          1
b - Call Imp              Summ           100%       N/A       1%          2
c - Call Canine Familiar  Summ           60%        N/A       1%          3
d - Summon Blazeheart Go  Fire/Summ      38%        N/A       5%          4
e - Summon Lightning Spi  Summ/Air       38%        N/A       5%          4

Your spell library contained the following spells:

 Spells                   Type           Power      Damage    Failure   Level
 Ensorcelled Hibernation  Hex/Ice        18%        N/A       10%         2
 Fugue of the Fallen      Necr           16%        N/A       11%         3
 Anguish                  Hex/Necr       6%         N/A       43%         4


Dungeon Overview and Level Annotations

Branches:
Dungeon (9/15)             Temple (1/1) D:7            Lair (0/5) D:8
    Orc: D:9-12

Altars:
Ashenzari
Elyvilon
Fedhas
Gozag
Kikubaaqudgha
Makhleb
Nemelex Xobeh
Okawaru
Qazlal
Ru
Sif Muna
Uskayaw
Vehumet
Wu Jian
Xom
Zin
The Shining One

Shops:
D:2 (   D:8 :


Innate Abilities, Weirdness & Mutations

You can spit globs of acid.
Your golden yellow scales are hard. (AC +7)
You cannot fit into any form of body armour.
You are cold-blooded and may be slowed by cold attacks.
You are resistant to acid. (rCorr)


Message History

Done exploring.
This spell is dangerous to cast!
You start memorising the spell.
You continue memorising. x4
You finish memorising.
Spell assigned to 'e'.
You start waiting.
Your inugami disappears in a puff of smoke!
Done waiting.
There is a stone staircase leading down here.
You climb downwards.
The sun demon hits you.
You are engulfed in flames!
The sun demon hits you but does no damage.
The sun demon hits you!!
You are engulfed in flames!
* * * LOW HITPOINT WARNING * * *
The sun demon barely misses you.
Something unseen opens the door.
There is a stone staircase leading up, spattered with blood here.
Unknown command.
Unknown command.
Blink to where?
Press: ? - help, Dir - move target A quasit comes into view.
As you read the scroll of blinking, it crumbles to dust.
As you read the scroll of teleportation, it crumbles to dust.
You feel strangely unstable.
It was a potion of cancellation.
You feel strangely stable.
You feel magically purged. The quasit barely misses you.
The quasit closely misses you. The quasit barely misses you.
It was a potion of berserk rage.
A red film seems to cover your vision as you go berserk!
You feel yourself moving faster!
You feel mighty! The quasit completely misses you.
The quasit claws you but does no damage.
The quasit barely misses you.
The quasit bites you but does no damage.
The quasit claws you but does no damage. x2
You feel a strong urge to attack something.
The sun demon hits you!!
* * * LOW HITPOINT WARNING * * *
You are engulfed in flames!
You die...
Kikubaaqudgha rasps: "You have failed me!
Welcome... death!"

..#### ##
....#
#.....P#
######'#♣⌠..
#........⌠.♣
#..........+
#........3.#
+<.......5@#
#........3.#
##+#########


You could see 2 sun demons and a quasit.

Vanquished Creatures
  The ghost of seawaffle the Mimic, a novice TrSh (D:6)
  Maurice (D:7)
  A steam dragon (D:8)
  A warg (D:8)
  An acid dragon (D:8)
  A black bear (D:7)
  2 wolves (D:8)
  A centaur (D:7)
  3 bullfrogs (D:7)
  3 scorpions
  3 wights (D:7)
  3 howler monkeys
  4 hounds
  An orc priest (D:8)
  3 iguanas
  An orc wizard (D:6)
  Terence (D:3)
  9 gnolls
  5 adders
  A white imp (D:6)
  3 ufetubi
  A dart slug (D:1)
  A ribbon worm (D:3)
  11 orcs
  2 endoplasms (D:3)
  A giant cockroach (D:1)
  4 hobgoblins
  8 kobolds
  4 ball pythons
  A bat (D:1)
  2 frilled lizards (D:3)
  3 goblins
  5 rats
92 creatures vanquished.

Vanquished Creatures (collateral kills)
  A steam dragon (D:8)
  A phantom (D:6)
  2 kobold brigands
  A scorpion (D:7)
  2 wights (D:7)
  A howler monkey (D:6)
  A bombardier beetle (D:6)
  2 jellies
  A gnoll bouda (D:5)
  An orc priest (D:8)
  A sleepcap (D:6)
  An iguana (D:5)
  8 gnolls
  4 adders
  A shadow imp (D:7)
  A white imp (D:6)
  An ufetubus (D:7)
  2 ribbon worms (D:4)
  6 orcs
  2 bats
  4 endoplasms
  2 hobgoblins
  A quokka (D:5)
  A ball python (D:3)
  3 goblins (D:2)
  11 kobolds
  3 rats
65 creatures vanquished.

Vanquished Creatures (others)
  4 blazeheart cores
4 creatures vanquished.

Grand Total: 161 creatures vanquished

Notes
Turn   | Place    | Note
-------+----------+-------------------------------------------
     0 | D:1      | spaghetti the Draconian Summoner began the quest for the
                  | Orb.
     0 | D:1      | Reached XP level 1. HP: 14/14 MP: 3/3
   195 | D:1      | Reached XP level 2. HP: 18/20 MP: 5/5
   933 | D:2      | Learned a level 2 spell: Call Imp
  1744 | D:2      | Found Miakon's Weapon Shop.
  1843 | D:2      | Reached skill level 5 in Summonings
  1843 | D:2      | Reached XP level 3. HP: 26/26 MP: 3/6
  1847 | D:2      | Learned a level 3 spell: Call Canine Familiar
  2321 | D:3      | Reached XP level 4. HP: 29/33 MP: 5/7
  2977 | D:3      | Noticed Terence
  2985 | D:3      | Killed Terence
  2986 | D:3      | Reached skill level 6 in Summonings
  3408 | D:4      | Found a sparkling altar of Nemelex Xobeh.
  3705 | D:4      | Reached XP level 5. HP: 33/38 MP: 0/8
  3905 | D:4      | Reached skill level 7 in Summonings
  4153 | D:5      | Entered Level 5 of the Dungeon
  4205 | D:5      | Found a stormy altar of Qazlal.
  4337 | D:5      | Reached XP level 6. HP: 25/45 MP: 5/9
  4523 | D:5      | Identified the +9 trident "Faosh" {drain, +Blink rPois
                  | Int+3}
  4618 | D:5      | Reached skill level 8 in Summonings
  4894 | D:5      | Your scales start taking on a golden yellow colour.
  4894 | D:5      | Reached XP level 7. HP: 46/50 MP: 4/10
  4894 | D:5      | Gained mutation: You are resistant to acid. (rCorr) [Yellow
                  | Draconian growth]
  5003 | D:6      | Learned a level 4 spell: Summon Blazeheart Golem
  5054 | D:6      | Found a runed translucent gate.
  5054 | D:6      | Noticed seawaffle's ghost (novice TrSh)
  5055 | D:6      | Found a runed translucent gate.
  5055 | D:6      | Found a runed translucent gate.
  5194 | D:6      | Found an ornate altar of the Wu Jian Council.
  5629 | D:6      | Reached skill level 9 in Summonings
  6104 | D:6      | Killed seawaffle's ghost
  6105 | D:6      | Reached skill level 5 in Spellcasting
  6105 | D:6      | Reached XP level 8. HP: 10/57 MP: 1/16
  6335 | D:7      | Reached skill level 10 in Summonings
  6405 | D:7      | Found a staircase to the Ecumenical Temple.
  6568 | Temple   | Entered the Ecumenical Temple
  6874 | D:7      | Reached XP level 9. HP: 59/62 MP: 9/18
  7097 | D:7      | Noticed Maurice
  7112 | D:7      | Killed Maurice
  7210 | D:7      | Reached skill level 11 in Summonings
  7498 | D:8      | Found a staircase to the Lair.
  7533 | D:8      | HP: 1/62 [warg (7)]
  7930 | D:8      | Found Tinithriawk's Vocational Training.
  8200 | D:8      | Found an ancient bone altar of Kikubaaqudgha.
  8228 | D:8      | Became a worshipper of Kikubaaqudgha
  8675 | D:8      | Reached skill level 1 in Necromancy
  9092 | D:9      | Noticed a sun demon
  9092 | D:9      | Noticed a sun demon
  9150 | D:8      | Learned a level 4 spell: Summon Lightning Spire
  9261 | D:9      | Mangled by a sun demon

Illustrated notes

Levels and vault maps discovered:
D:1:      erik_arrival_orb_chamber, layout_basic, serial_forest,
          infiniplex_forest_corner_1, infiniplex_forest_lined_1,
          infiniplex_forest_clump_double, infiniplex_forest_clump_medium,
          infiniplex_forest_side_room, fountainhead
D:2:      layout_loops_ring, serial_shops, nicolae_shop_crystal,
          minmay_misc_feat_diagonals, lightli_corner_chamber
D:3:      layout_loops_corners, uniq_terence
D:4:      layout_rooms, lemuel_crystal_altar, kennysheep_boxes
D:5:      kennysheep_six_static_rooms, layout_loops_cross,
          nicolae_dithmenos_through_a_glass_darkly, lemuel_round_altar
D:6:      layout_gridville, mainiacjoe_overflow_small_starburst,
          gammafunk_ghost_split
D:7:      layout_cave_pods, minmay_temple_entry_sparse_star, uniq_maurice
D:8:      kennysheep_steamy, layout_basic, mainiacjoe_overflow_surrounded_room,
          erik_lair_orcish_takeover, nicolae_shop_vocational
D:9:      layout_roguey, mainiacjoe_overflow_brackets, amcnicky_altar_gilded,
          serial_demonic, serial_demonic_c, serial_demonic_e, serial_demonic_g,
          serial_demonic_b, uniq_pikel, uniq_erica
Temple:   nicolae_temple_god_jail

Skill      XL: |  1  2  3  4  5  6  7  8  9 |
---------------+----------------------------+-----
Summonings     | 5 6 7 8 9 10 11 | 11.7
Spellcasting   | 5 6 8 |  8.2
Necromancy     | 1 |  1.4
Dodging        | |  1.7
Stealth        | |  1.7
Shapeshifting  | |  0.2

Action                     |  1- 3 |  4- 6 |  7- 9 || total
---------------------------+-------+-------+-------++-------
  Melee: Unarmed           |    82 |       |       ||    82
         Tailslap          |     8 |    12 |    12 ||    32
         Dagger            |    16 |    84 |       ||   100
         Punch             |       |     1 |     1 ||     2
         Trident           |       |    13 |   128 ||   141
   Cast: Summon Small Mamm |    31 |    18 |    24 ||    73
         Call Imp          |    13 |    21 |    37 ||    71
         Call Canine Famil |     3 |    19 |    29 ||    51
         Summon Blazeheart |       |       |    15 ||    15
Ability: Evoke Blink       |       |       |     1 ||     1
    Use: Scroll            |       |     7 |     4 ||    11
         Potion            |       |     5 |     2 ||     7
   Stab: Sleeping          |     5 |     2 |       ||     7
         Distracted        |     1 |     2 |     2 ||     5
 Armour: Skin              |    58 |    58 |   141 ||   257
  Dodge: Dodged            |    64 |    77 |   109 ||   250
